 Dungeon Crawl Stone Soup version 0.21.1-1-g345015fe64 (webtiles) character file.

76 Ivernyr the Shooter (level 4, 0/36 HPs)
             Began as a Centaur Arcane Marksman on Mar 31, 2018.
             Slain by a river rat (8 damage)
             ... on level 3 of the Dungeon.
             The game lasted 00:08:17 (3653 turns).

Ivernyr the Shooter (Centaur Arcane Marksman)       Turns: 3653, Time: 00:08:18

Health: 0/36       AC:  5    Str: 13    XL:     4   Next: 12%
Magic:  5/5        EV:  9    Int: 12    God:
Gold:   154        SH:  0    Dex: 10    Spells: 4/5 levels left

rFire    . . .     SeeInvis .   a - +0 shortbow
rCold    . . .     Gourm    .   (shield currently unavailable)
rNeg     . . .     Faith    .   e - +0 robe
rPois    +         Spirit   .   j - +0 helmet
rElec    .         Reflect  .   (no cloak)
rCorr    .         Harm     .   (no gloves)
MR       .....                  (no barding)
Stlth    +.........             (no amulet)
HPRegen  0.12/turn              o - ring of poison resistance
MPRegen  0.09/turn              (no ring)

@: very quick
A: large, hooves 3, deformed body, speed 2, tough skin 3
a: no special abilities


You were on level 3 of the Dungeon.
You were not hungry.

You visited 1 branch of the dungeon, and saw 3 of its levels.

You collected 154 gold pieces.

Inventory:

Hand Weapons
 a - a +0 shortbow (weapon)
Missiles
 d - 17 arrows (quivered)
Armour
 e - a +0 robe (worn)
 j - a +0 helmet (worn)
Jewellery
 o - a ring of poison resistance (left hand)
Scrolls
 b - 4 scrolls of identify {unknown}
 g - 2 scrolls of enchant weapon {unknown}
 h - a scroll of fear {unknown}
 k - 2 scrolls of amnesia {unknown}
 l - a scroll of noise {unknown}
 n - 4 scrolls of teleportation {unknown}
 p - a scroll of magic mapping {unknown}
 s - a scroll of remove curse {unknown}
Potions
 i - 4 potions of curing {unknown}
 m - a potion of might {unknown}
 q - a potion of mutation {unknown}
 t - a potion of heal wounds {unknown}
Books
 c - a book of Debilitation

   Spells                             Type                      Level
   a - Corona                         Hexes                        1
   b - Slow                           Hexes                        2
   c - Inner Flame                    Hexes/Fire                   3
   d - Portal Projectile              Hexes/Translocation          3
   e - Cause Fear                     Hexes                        4
   f - Leda's Liquefaction            Hexes/Earth                  4
Comestibles
 f - 6 rations
 r - 3 chunks of flesh


   Skills:
 + Level 2.1 Fighting
 * Level 4.6 Bows
 - Level 1.3 Dodging
 - Level 1.0 Spellcasting
 + Level 3.1 Hexes


You had 4 spell levels left.
You knew the following spells:

 Your Spells              Type           Power        Failure   Level  Hunger
a - Corona                Hex            #......      9%          1    ##.....


Dungeon Overview and Level Annotations

Branches:
Dungeon (3/15)

Altars:

Annotations:
D:3 Merkolit's ghost, weakling DsFi


Innate Abilities, Weirdness & Mutations

You have hooves in place of feet.
Armour fits poorly on your strangely shaped body.
You cover ground very quickly.
You have extremely tough skin. (AC +3)


Message History

Aim: a river rat (moderately wounded)
You shoot an arrow. The arrow hits the river rat.
The river rat is heavily wounded.
The river rat bites you!
* * * LOW HITPOINT WARNING * * *
Firing (i - inventory):
d - 19 arrows (quivered)
Press: ? - help, Shift-Dir - straight line, f/p - river rat
Aim: a river rat (heavily wounded)
You shoot an arrow.
The arrow hits the river rat but does no damage.
The river rat is heavily wounded.
The river rat barely misses you.
Firing (i - inventory):
d - 18 arrows (quivered)
Press: ? - help, Shift-Dir - straight line, f/p - river rat
Aim: a river rat (heavily wounded)
You shoot an arrow.
The arrow hits the river rat but does no damage.
The river rat is heavily wounded.
The river rat bites you!
You die...

########### .. #.........# #.#
#.........############## #.#
#.........wrrr@..##....# #<#
#[.......w######.##<##.## #.##
≈≈.................##÷#...####.#.
rww....W......#.......#........#.
≈..##......#....#...###.(.#....#.
≈.........###.#.#.#.#..........#.
. ........# #.#.#.#.....#.#....#.
.........# #.#.#.###...#........
.........# #...#...#...###.##.#.


You could see 2 worms, 2 river rats and a rat.

Vanquished Creatures
  2 adders (D:3)
  A dart slug (D:3)
  2 leopard geckos
  3 ball pythons
  A giant cockroach (D:2)
  4 goblins
  3 hobgoblins
  13 jackals
  A quokka (D:2)
  4 bats
  2 frilled lizards
  3 kobolds
  14 rats
53 creatures vanquished.

Notes
Turn   | Place    | Note
-------+----------+-------------------------------------------
     0 | D:1      | Ivernyr the Centaur Arcane Marksman began the quest for the Orb.
     0 | D:1      | Reached XP level 1. HP: 16/16 MP: 2/2
   197 | D:1      | Reached skill level 3 in Bows
   890 | D:1      | Reached XP level 2. HP: 10/23 MP: 3/3
  2346 | D:2      | Reached XP level 3. HP: 27/28 MP: 4/4
  2665 | D:2      | Reached skill level 4 in Bows
  3633 | D:3      | Reached XP level 4. HP: 36/36 MP: 5/5
  3648 | D:3      | Noticed Merkolit's ghost (weakling DsFi)
  3653 | D:3      | Slain by a river rat

Skill      XL: |  1  2  3 |
---------------+----------+-----
Bows           | 3 4 |  4.6
Hexes          | 3 |  3.1
Fighting       | 2 |  2.1
Dodging        | |  1.3
Spellcasting   | |  1.0

Action                   |  1- 3 |  4- 6 || total
-------------------------+-------+-------++-------
Melee: Unarmed           |   257 |    12 ||   269
       Kick              |    47 |     2 ||    49
 Fire: Shortbow          |     1 |     3 ||     4
 Cast: Corona            |     7 |       ||     7
  Eat: Chunk             |     8 |       ||     8
Armor: Robe              |    97 |     2 ||    99
Dodge: Dodged            |   124 |     7 ||   131
